Map: Prion Terraces

Players

HomelessAL - Winner!

  • Race: Terran Terran
  • League: Gold

A.I. 1 (Elite)

  • Race: Protoss Protoss

VOD

Have the link to the VOD?

Description

hits at 9:00 with 2-2 stim, combat shield, and 200 supply

Time

  • Played on: Jan. 5, 2016, 7:42 p.m.
  • Length: 10:32
Show
View Real Time Build Order
Export as new Build Order

HomelessAL Terran - Winner!

Build Orders: Command Center First (CC), MMM Bio 

Get SALT Encoding   

  12  0:01  SCV  
  13  0:13  SCV  
  14  0:17  Supply Depot  
  14  0:25  SCV  
  15  0:39  SCV  
  16  0:51  SCV  
  17  1:03  SCV  
  17  1:04  Command Center  
  18  1:15  SCV  
  18  1:18  Barracks  
  19  1:27  SCV  
  19  1:30  Barracks  
  20  1:39  SCV  
  21  1:42  Barracks  
  21  1:52  SCV  
  22  2:04  Orbital Command  
  22  2:05  Marine  
  23  2:10  Bunker  
  23  2:15  Orbital Command  
  23  2:17  Marine  
  24  2:28  Marine  
  25  2:30  SCV  
  25  2:35  Marine  
  27  2:37  Refinery  
  27  2:39  Refinery  
  27  2:41  Marine  
  27  2:42  SCV  
  27  2:43  SCV  
  30  2:48  Marine  
  31  2:54  SCV  
  31  2:55  Supply Depot, SCV  
  33  3:00  Marine x2  
  35  3:06  Marine  
  35  3:07  SCV x2  
  35  3:11  Engineering Bay  
  38  3:14  Engineering Bay  
  38  3:18  Marine x2  
  40  3:21  Supply Depot  
  40  3:23  SCV  
  40  3:26  SCV  
  42  3:29  Barracks Tech Lab  
  42  3:35  SCV  
  42  3:38  SCV  
  42  3:40  Terran Infantry Weapons Level 1  
  44  3:44  Supply Depot  
  44  3:47  Terran Infantry Armor Level 1, Marine  
  44  3:48  SCV  
  46  3:49  Marine  
  46  3:50  SCV  
  46  3:51  Marine  
  49  4:01  SCV  
  49  4:02  SCV  
  51  4:06  Barracks Reactor  
  51  4:07  Supply Depot  
  51  4:08  Barracks Reactor  
  51  4:13  SCV  
  51  4:14  SCV  
  53  4:18  Command Center  
  53  4:22  Marauder  
  55  4:25  SCV  
  55  4:26  SCV  
  55  4:29  Supply Depot  
  57  4:32  Factory  
  57  4:37  SCV  
  58  4:38  SCV  
  58  4:41  Refinery  
  58  4:42  Marine  
  58  4:43  Marine  
  58  4:44  Marine x2  
  63  4:47  Stimpack  
  63  4:48  Marine  
  63  4:51  SCV x2  
  63  4:52  Supply Depot  
  66  5:00  Refinery  
  66  5:02  Marine x2  
  66  5:03  SCV x2  
  70  5:09  Supply Depot  
  70  5:10  Marine x2  
  70  5:11  Marauder  
  74  5:15  SCV  
  74  5:17  Starport, Factory Reactor  
  74  5:19  SCV  
  76  5:21  Supply Depot  
  76  5:25  Marine  
  76  5:26  Marine  
  78  5:29  Marine x2  
  78  5:30  Orbital Command  
  78  5:32  SCV  
  78  5:35  SCV  
  82  5:36  Marauder  
  84  5:43  Armory  
  84  5:44  Supply Depot, SCV  
  84  5:48  Marine x4  
  89  5:51  SCV  
  89  5:56  SCV  
  91  5:59  SCV  
  91  6:02  Marauder  
  94  6:04  Medivac x2  
  94  6:06  Factory Reactor  
  94  6:08  Marine x4  
  94  6:11  SCV x3  
  105  6:19  Supply Depot  
  105  6:23  SCV x3  
  105  6:25  Marauder  
  110  6:29  Supply Depot  
  110  6:30  Barracks  
  110  6:33  Barracks  
  110  6:37  Barracks, Marine x4  
  110  6:39  Barracks  
  114  6:40  Terran Infantry Weapons Level 2  
  114  6:41  Terran Infantry Armor Level 2  
  118  6:47  Hellbat x2  
  118  6:48  Medivac  
  118  6:49  SCV x2  
  118  6:52  Refinery  
  122  6:55  Refinery, Marauder  
  122  6:58  Marine x3  
  122  7:00  Combat Shields  
  127  7:06  Marine  
  128  7:12  Supply Depot  
  128  7:14  Supply Depot  
  128  7:15  Terran Vehicle And Ship Armor Level 1  
  128  7:18  Hellbat x2  
  128  7:20  Marauder  
  128  7:21  Barracks Reactor, Barracks Tech Lab  
  128  7:22  Marine x3  
  137  7:24  Medivac  
  139  7:33  Marine  
  139  7:34  Barracks Reactor, Barracks Tech Lab  
  139  7:36  Medivac  
  142  7:43  Command Center, Marine x3  
  149  7:44  Marauder x2  
  149  7:45  Hellbat x2  
  153  7:55  Supply Depot  
  153  7:57  Supply Depot, Marine  
  153  7:58  Marauder  
  156  8:01  Concussive Shells  
  156  8:02  Marine  
  157  8:08  Medivac, Marine x3  
  157  8:12  Marine x3  
  167  8:13  Marauder x2  
  167  8:14  Hellbat x2  
  167  8:17  Medivac  
  167  8:19  Supply Depot  
  175  8:20  Marine, Marauder  
  175  8:21  Supply Depot, Marine  
  179  8:34  Marine x3  
  179  8:35  Command Center  
  179  8:38  Marine x3  
  179  8:40  Marine  
  186  8:47  Marauder x2  
  175  9:12  Marine x2  
  175  9:13  Marine x5  
  175  9:14  Marauder x3  
  175  9:15  Hellbat x2  
  192  9:29  Factory x2, Medivac x2  
  196  9:46  Marine x4  
  199  10:01  Marine  
  199  10:02  Marauder  
  198  10:08  Marine  
  198  10:09  Marine  
  198  10:25  Refinery  
  198  10:26  Factory Tech Lab, Refinery, Factory Reactor  
Show
View Real Time Build Order
Export as new Build Order

A.I. 1 (Elite) Protoss 

Build Orders: Zealot Archon, Colossus Rush 

Get SALT Encoding   

  12  0:01  Probe (Chrono Boost)  
  13  0:11  Probe (Chrono Boost)  
  14  0:20  Pylon  
  14  0:22  Probe (Chrono Boost)  
  15  0:38  Probe (Chrono Boost)  
  16  0:47  Assimilator  
  16  0:49  Probe (Chrono Boost), Gateway  
  17  0:59  Probe (Chrono Boost)  
  17  1:01  Pylon  
  18  1:10  Probe (Chrono Boost)  
  19  1:20  Probe (Chrono Boost)  
  20  1:31  Probe (Chrono Boost)  
  21  1:37  Gateway, Zealot  
  23  1:40  Cybernetics Core  
  23  1:42  Probe (Chrono Boost)  
  24  1:47  Pylon  
  24  1:54  Probe (Chrono Boost)  
  25  2:02  Zealot  
  25  2:05  Probe (Chrono Boost)  
  28  2:12  Warp Gate  
  28  2:13  Assimilator  
  28  2:17  Probe (Chrono Boost)  
  29  2:23  Adept  
  29  2:28  Probe (Chrono Boost), Adept  
  34  2:37  Pylon  
  34  2:39  Probe (Chrono Boost)  
  35  2:50  Adept  
  35  2:51  Probe (Chrono Boost)  
  38  2:54  Sentry  
  40  3:03  Probe (Chrono Boost)  
  41  3:14  Probe (Chrono Boost)  
  42  3:20  Nexus  
  42  3:23  Stalker  
  44  3:30  Probe (Chrono Boost)  
  46  3:42  Probe (Chrono Boost)  
  46  3:43  Robotics Facility  
  46  3:53  Probe (Chrono Boost)  
  47  3:55  Pylon  
  47  4:13  Adept  
  47  4:14  Probe (Chrono Boost)  
  50  4:22  Adept  
  52  4:27  Probe (Chrono Boost)  
  53  4:32  Probe (Chrono Boost)  
  53  4:33  Adept  
  53  4:38  Probe (Chrono Boost)  
  57  4:43  Probe (Chrono Boost)  
  58  4:47  Robotics Bay  
  58  4:48  Observer  
  58  4:49  Probe (Chrono Boost)  
  60  4:54  Probe (Chrono Boost)  
  62  5:00  Probe (Chrono Boost), Robotics Facility  
  62  5:05  Probe (Chrono Boost)  
  62  5:06  Pylon  
  63  5:07  Stalker  
  63  5:11  Probe (Chrono Boost)  
  63  5:12  Stalker  
  68  5:16  Pylon  
  68  5:18  Probe (Chrono Boost)  
  69  5:23  Probe (Chrono Boost)  
  70  5:31  Colossus  
  76  5:44  Zealot  
  76  5:45  Stalker  
  76  5:46  Pylon  
  76  5:47  Probe (Chrono Boost)  
  82  5:51  Probe (Chrono Boost)  
  82  6:02  Assimilator  
  82  6:05  Gateway  
  82  6:09  Twilight Council  
  82  6:10  Pylon, Assimilator  
  82  6:24  Probe x2 (Chrono Boost)  
  84  6:30  Nexus  
  84  6:34  Probe (Chrono Boost)  
  85  6:49  Templar Archives  
  85  6:52  Forge  
  85  6:54  Stalker  
  87  6:57  Forge  
  87  6:59  Stalker  
  89  7:04  Stalker, Pylon  
  91  7:14  Stalker, Pylon  
  93  7:20  Protoss Ground Weapons Level 1  
  93  7:25  Sentry  
  93  7:28  High Templar  
  97  7:30  Gateway  
  97  7:34  Photon Cannon  
  97  7:37  Photon Cannon  
  97  7:39  Pylon  
  97  7:41  High Templar  
  97  7:43  Protoss Ground Armor Level 1  
  97  7:44  Probe x2 (Chrono Boost)  
  102  7:45  Probe (Chrono Boost)  
  102  7:53  Assimilator  
  102  7:55  Probe (Chrono Boost), Pylon, Assimilator  
  102  7:56  Probe (Chrono Boost)  
  102  7:57  Probe (Chrono Boost)  
  102  7:58  Archon  
  105  8:05  High Templar, Photon Cannon  
  105  8:07  Probe (Chrono Boost)  
  105  8:08  Probe (Chrono Boost)  
  105  8:10  Nexus  
  105  8:12  Zealot x2  
  113  8:16  Probe (Chrono Boost)  
  113  8:19  Probe (Chrono Boost)  
  116  8:20  Probe (Chrono Boost)  
  116  8:25  Zealot  
  119  8:27  Probe (Chrono Boost)  
  119  8:28  Immortal  
  119  8:31  High Templar  
  119  8:32  Stalker  
  127  8:36  Stalker  
  129  8:43  Archon  
  129  8:44  High Templar  
  131  8:48  Pylon  
  131  8:53  High Templar  
  129  8:58  Zealot  
  91  9:03  Stalker  
  73  9:14  Zealot  
  63  9:17  Zealot  
  50  9:24  Zealot, High Templar  
  50  9:30  Probe (Chrono Boost)  
  55  9:32  Probe (Chrono Boost), Nexus  
  55  9:34  High Templar  
  55  9:36  Probe (Chrono Boost), Adept, Assimilator  
  57  9:43  Sentry, Archon  
  40  9:53  High Templar  
  40  9:55  Zealot  
  40  9:58  Probe (Chrono Boost)  
  35  10:09  Nexus  
  23  10:26  High Templar  
Tags
 
Add a new tag
Caveats
  • Supply blocks, unpowered buildings, or Contaminate may cause inaccurate times.
  • Supply counts are checked every 10 seconds.